 Dungeon Crawl Stone Soup version 0.18.1-50-g88ac8fd (webtiles) character file.

74354 Zenobius the Warrior (level 15, -5/159 HPs)
             Began as a Minotaur Fighter on Oct 28, 2016.
             Was the Champion of Makhleb.
             Slain by an acid blob (16 damage)
             ... on level 1 of the Pits of Slime on Oct 29, 2016.
             The game lasted 02:39:15 (28732 turns).

Zenobius the Warrior (Minotaur Fighter)            Turns: 28732, Time: 02:39:15

Health: -5/159     AC: 18    Str: 22    XL:     15   Next: 6%
Magic:  0/20       EV: 17    Int:  5    God:    Makhleb [******]
Gold:   946        SH:  0    Dex: 15    Spells: 1 memorised, 22 levels left

rFire  . . .     SeeInvis +     y - +2 morningstar (protect)
rCold  + . .     Gourm    .     X - +5 ring mail {MR+}
rNeg   . . .     Faith    .     c - +0 shield
rPois  +         Spirit   +     I - +2 hat
rElec  .         Dismiss  .     a - +1 cloak
rCorr  +         Reflect  .     b - +1 pair of gloves of the Lobster {rPois rCorr}
SustAt .         Harm     .     (no boots)
MR     ++...                    C - amulet of guardian spirit
Stlth  ..........               T - +5 ring of protection
                                E - ring of see invisible

@: confused, corroded, very resistant to hostile enchantments, extremely
unstealthy
A: retaliatory headbutt, horns 2, cold resistance 1, robust 1, shaggy fur 1
a: Minor Destruction, Lesser Servant of Makhleb, Major Destruction, Greater
Servant of Makhleb, Renounce Religion


You were on level 1 of the Pits of Slime.
You worshipped Makhleb.
Makhleb was exalted by your worship.
You were not hungry.

You visited 5 branches of the dungeon, and saw 22 of its levels.
You also visited: Sewer.

You collected 1360 gold pieces.
You spent 414 gold pieces at shops.

Inventory:

Hand Weapons
 y - a +2 morningstar of protection (weapon)
Armour
 a - a +1 cloak (worn)
 b - the +1 pair of gloves of the Lobster (worn) {rPois rCorr}
   (You found it on level 5 of the Lair of Beasts)

   It protects you from poison.
   It protects you from acid and corrosion.
 c - a +0 shield (worn)
 I - a +2 hat (worn)
 X - a +5 ring mail of magic resistance (worn)
Jewellery
 C - an amulet of guardian spirit (around neck)
 E - a ring of see invisible (left hand)
 T - a +5 ring of protection (right hand)
Wands
 x - a wand of lightning (5/15)
 G - a wand of lightning (5/15)
 H - a wand of iceblast (4/15)
 J - a wand of flame (28/48)
 K - a wand of acid (9/15)
 V - a wand of random effects (9/48)
 W - a wand of polymorph (19/24)
 Y - a wand of teleportation (2/9)
Scrolls
 e - 3 scrolls of summoning
 l - 9 scrolls of remove curse
 o - 4 scrolls of teleportation
 q - 2 scrolls of fear
 r - 5 scrolls of magic mapping
 B - 2 scrolls of immolation
 D - 4 scrolls of recharging
 F - 4 scrolls of blinking
Potions
 d - 3 potions of might
 h - a potion of beneficial mutation
 k - 4 potions of lignification
 m - 3 potions of mutation
 s - 2 potions of brilliance
 u - 5 potions of flight
 v - a potion of invisibility
 L - a potion of cure mutation
 M - a potion of berserk rage
 S - a potion of cancellation
 U - 6 potions of curing
Books
 i - a book of Callings

   Spells                             Type                      Level
   a - Summon Small Mammal            Summoning                    1
   b - Call Imp                       Summoning                    2
   c - Call Canine Familiar           Summoning                    3
   d - Summon Guardian Golem          Hexes/Summoning              3
   e - Summon Lightning Spire         Summoning/Air                4
   f - Summon Ice Beast               Ice/Summoning                4
 A - a book of Ice

   Spells                             Type                      Level
   a - Ice Form                       Ice/Transmutation            4
   b - Metabolic Englaciation         Hexes/Ice                    5
   c - Ozocubu's Refrigeration        Ice                          6
   d - Bolt of Cold                   Conjuration/Ice              6
   e - Freezing Cloud                 Conjuration/Ice/Air          6
   f - Simulacrum                     Ice/Necromancy               6
 Z - a book of Maledictions

   Spells                             Type                      Level
   a - Corona                         Hexes                        1
   b - Ensorcelled Hibernation        Hexes/Ice                    2
   c - Confuse                        Hexes                        3
   d - Tukima's Dance                 Hexes                        3
   e - Dazzling Spray                 Conjuration/Hexes            3
Miscellaneous
 z - a disc of storms
Comestibles
 f - 12 bread rations
 g - 17 meat rations
 j - 27 beef jerkies
 n - 15 chunks of flesh
 p - a royal jelly
 t - 29 fruits
 N - a slice of pizza


   Skills:
 + Level 16.4 Fighting
 + Level 15.5 Maces & Flails
 - Level 11.0 Armour
 - Level 11.7 Dodging
 * Level 6.2 Stealth
 - Level 11.0 Shields
 + Level 4.6 Spellcasting


You had 22 spell levels left.
You knew the following spells:

 Your Spells              Type           Power        Failure   Level  Hunger
a - Summon Small Mammal   Summ           #...         83%         1    ##.....


Dungeon Overview and Level Annotations

Branches:
Dungeon (11/15)            Temple (1/1) D:5            Lair (8/8) D:8
 Shoals (0/4) Lair:4       Spider (1/4) Lair:4        Slime (1/6) Lair:6
    Orc (0/2) D:10

Altars:
Ashenzari
Cheibriados
Dithmenos
Elyvilon
Fedhas
Gozag
Kikubaaqudgha
Makhleb
Nemelex Xobeh
Okawaru
Pakellas
Qazlal
Ru
Sif Muna
Trog
Vehumet
Xom
Yredelemnul
Zin
The Shining One

Shops:
D:6 =![

Annotations:
D:10 exclusion: obsidian statue


Innate Abilities, Weirdness & Mutations

You reflexively headbutt those who attack you in melee.
You have a pair of horns on your head.
Your flesh is cold resistant.
You are robust (+10% HP).
You are covered in fur (AC +1).


Message History

You are too confused!
You are too confused!
You are too confused!
Unknown command.
You are too confused!
The walls burn you! You resist. The golden eye blinks at you.
You resist with some effort. The acid blob hits you!!
You are splashed with acid!
The acid burns!
You resist.
You are too confused!
You're too confused to move!
The walls burn you! You resist. The acid blob hits you!!
* * * LOW HITPOINT WARNING * * *
You are splashed with acid!
The acid corrodes you!
The acid burns!
You resist.
* * * LOW HITPOINT WARNING * * *
You bump into the slime covered rock wall.
The walls burn you! You resist.
* * * LOW HITPOINT WARNING * * *
The golden eye blinks!
The acid blob hits you!!
You die...

##.........
##......J... #
##...<..GJ... .
##.##......J.....
..##................
......##....#....G..
...........##...#...
........ยง.G.........
..##...@J...#.......
######........#.
#....#.##. ........
#....#.# #...### .##


You could see 2 acid blobs and a golden eye.

Vanquished Creatures
  Gastronok (Lair:2)
  Nessos (Lair:8)
  A fire dragon (Lair:8)
  Harold (Lair:1)
  9 hydras
  Erica (D:11)
  6 death yaks
  Nergalle (Lair:4)
  A hill giant (D:11)
  An orb spider (Spider:1)
  An ugly thing (D:11)
  2 wolf spiders (Spider:1)
  4 sirens (Lair:4)
  3 black mambas
  Joseph (D:9)
  15 elephants
  Maurice (D:11)
  A torpor snail (Lair:7)
  12 spiny frogs
  2 kobold demonologists
  2 rime drakes
  An efreet (D:11)
  13 komodo dragons
  9 polar bears (Lair:8)
  4 jumping spiders
  4 trolls
  23 blink frogs
  Prince Ribbit (D:5)
  4 raiju (Lair:8)
  2 boulder beetles
  4 redbacks (Lair:4)
  54 yaks
  A wraith (D:11)
  3 wyverns
  3 basilisks
  4 hogs (Lair:7)
  A human (D:8)
  3 vampire mosquitoes (Lair:2)
  13 hippogriffs
  A hungry ghost (D:11)
  4 steam dragons
  2 mottled dragons (Lair:8)
  9 wargs
  2 insubstantial wisps (Lair:2)
  4 hell hounds (Lair:8)
  17 water moccasins
  10 orc warriors
  22 porcupines
  Purgy (Sewer)
  2 swamp drakes (Lair:8)
  3 ice beasts
  2 sky beasts
  15 black bears
  A necrophage (D:7)
  4 ogres
  3 phantoms
  17 wolves
  10 centaurs
  16 crocodiles
  17 giant frogs
  5 scorpions
  4 killer bees
  3 wights (D:7)
  5 electric eels (D:10)
  2 howler monkeys
  4 crimson imps
  2 centaur zombies
  4 giant frog zombies
  A quasit (D:8)
  A giant frog skeleton (D:11)
  19 hounds
  7 jellies
  A centaur skeleton (D:10)
  13 orc priests
  12 orc wizards
  Natasha (D:4)
  18 iguanas
  6 worker ants
  20 sheep
  2 hound zombies
  A howler monkey skeleton (D:6)
  A worker ant zombie (D:10)
  6 gnolls
  41 river rats
  13 adders
  4 shadow imps
  12 white imps (Lair:8)
  2 oozes
  2 adder zombies
  A worm (D:2)
  2 dart slugs
  6 giant geckos
  48 orcs
  A ball python (D:4)
  2 bats
  7 giant cockroaches
  7 goblins
  7 hobgoblins
  12 jackals
  2 quokkas
  10 giant newts
  14 kobolds
  2 quokka skeletons
  A quokka zombie (D:8)
  8 rats
  2 bushes
  8 fungi
  2 plants
730 creatures vanquished.

Vanquished Creatures (collateral kills)
  An orc wizard (D:10)
1 creature vanquished.

Vanquished Creatures (others)
  Kirke (Lair:7)
  2 yaks (Lair:6)
  A basilisk (Lair:8)
  A black bear (Lair:8)
  A hound (Lair:8)
  An iguana (Lair:8)
  An adder (D:11)
  A river rat (Lair:6)
  An orc (D:10)
  2 jackals (D:10)
  A butterfly (Lair:6)
  20 fungi
  24 plants
57 creatures vanquished.

Grand Total: 788 creatures vanquished

Notes
Turn   | Place    | Note
--------------------------------------------------------------
     0 | D:1      | Zenobius the Minotaur Fighter began the quest for the Orb.
     0 | D:1      | Reached XP level 1. HP: 19/19 MP: 0/0
    43 | D:1      | Reached XP level 2. HP: 17/27 MP: 1/1
   620 | D:2      | Reached skill level 4 in Fighting
   620 | D:2      | Reached XP level 3. HP: 28/33 MP: 2/2
  1284 | D:2      | Reached XP level 4. HP: 39/40 MP: 3/3
  1811 | D:3      | Reached XP level 5. HP: 44/47 MP: 4/4
  2126 | D:4      | Found a shadowy altar of Dithmenos.
  2218 | D:4      | Reached skill level 5 in Maces & Flails
  2325 | D:4      | Reached skill level 5 in Fighting
  2373 | D:4      | Reached skill level 5 in Armour
  2402 | D:4      | Reached XP level 6. HP: 42/56 MP: 5/5
  3037 | D:4      | Noticed Natasha
  3049 | D:4      | Killed Natasha
  3117 | D:5      | Entered Level 5 of the Dungeon
  3196 | D:5      | Reached XP level 7. HP: 54/61 MP: 6/6
  3197 | D:5      | Noticed Prince Ribbit
  3217 | D:5      | Killed Prince Ribbit
  3217 | D:5      | Reached skill level 6 in Fighting
  3357 | D:5      | Found a glowing drain.
  3386 | Sewer    | Entered a sewer
  3406 | Sewer    | Noticed Purgy
  3415 | Sewer    | Killed Purgy
  3613 | D:5      | Learned a level 3 spell: Ignite Poison
  3741 | D:5      | Found a staircase to the Ecumenical Temple.
  3803 | Temple   | Entered the Ecumenical Temple
  3890 | Temple   | Became a worshipper of Makhleb the Destroyer
  4141 | D:6      | Reached XP level 8. HP: 71/71 MP: 7/7
  4231 | D:6      | Found a white marble altar of Elyvilon.
  4288 | D:6      | Reached * piety under Makhleb
  4359 | D:6      | Reached skill level 1 in Spellcasting
  4446 | D:6      | Found Gis Noss's Distillery.
  4452 | D:6      | Found Mimaops's Jewellery Shop.
  4587 | D:6      | Found Tihyfaunt's Antique Armour Boutique.
  4742 | D:6      | Reached skill level 5 in Shields
  4759 | D:6      | Reached skill level 7 in Fighting
  4792 | D:6      | Found Tihyfaunt's Antique Armour Boutique.
  4810 | D:6      | Found Gis Noss's Distillery.
  4842 | D:6      | Found a white marble altar of Elyvilon.
  4915 | D:6      | Found Mimaops's Jewellery Shop.
  5131 | D:6      | Gained mutation: You are covered in fur (AC +1). [mutagenic meat]
  5132 | D:6      | Gained mutation: You are robust (+10% HP). [mutagenic meat]
  5378 | D:7      | Reached XP level 9. HP: 86/86 MP: 11/11
  5465 | D:7      | Reached ** piety under Makhleb
  5474 | D:7      | Reached skill level 10 in Maces & Flails
  5941 | D:6      | Bought an uncursed amulet of dismissal for 330 gold pieces
  5965 | D:6      | Bought 2 potions of curing for 84 gold pieces
  6229 | D:8      | Found a staircase to the Lair.
  6424 | D:8      | Reached skill level 8 in Fighting
  7058 | Lair:1   | Entered Level 1 of the Lair of Beasts
  7063 | Lair:1   | Noticed a seven-headed hydra
  7283 | D:8      | Reached *** piety under Makhleb
  7612 | D:8      | Found a bloodstained altar of Trog.
  7900 | D:8      | Reached XP level 10. HP: 99/99 MP: 13/13
  8022 | D:8      | Found a bloodstained altar of Trog.
  8165 | D:8      | Found a staircase to the Lair.
  8530 | D:9      | Reached skill level 1 in Dodging
  9182 | Lair:1   | You fall through a shaft!
  9247 | Lair:2   | Reached skill level 9 in Fighting
  9388 | Lair:1   | Noticed a spiny frog
  9403 | Lair:1   | Killed a spiny frog
  9460 | Lair:1   | Noticed a spiny frog
  9468 | Lair:1   | Killed a spiny frog
  9547 | Lair:1   | Noticed a spiny frog
  9548 | Lair:1   | Noticed Harold
  9567 | Lair:1   | Killed a spiny frog
  9809 | Lair:1   | Killed Harold
  9809 | Lair:1   | Reached skill level 10 in Shields
  9825 | Lair:1   | Reached **** piety under Makhleb
 10196 | Lair:1   | Found an oddly glowing altar of Pakellas.
 10759 | Lair:1   | Noticed an eight-headed hydra
 10771 | Lair:1   | Killed an eight-headed hydra
 10771 | Lair:1   | Reached XP level 11. HP: 108/108 MP: 16/16
 10854 | Lair:1   | Noticed an eight-headed hydra
 10956 | Lair:2   | Reached skill level 10 in Fighting
 13134 | D:9      | Noticed Joseph
 13135 | D:9      | Paralysed by Joseph for 6 turns
 13342 | D:10     | Entered Level 10 of the Dungeon
 13522 | D:9      | Paralysed by Joseph for 2 turns
 13636 | D:9      | Killed Joseph
 13636 | D:9      | Reached skill level 11 in Fighting
 13636 | D:9      | Reached skill level 5 in Dodging
 13808 | D:10     | Noticed an obsidian statue
 14089 | D:10     | Noticed an eight-headed hydra
 15046 | D:10     | Found a staircase to the Orcish Mines.
 16359 | D:10     | Reached skill level 12 in Fighting
 16428 | D:10     | Killed an eight-headed hydra
 16810 | D:11     | Noticed Erica
 16811 | D:11     | Noticed Maurice
 16862 | D:11     | Killed Erica
 16971 | D:11     | Got an ichor-stained longbow
 17017 | D:11     | Reached XP level 12. HP: 108/124 MP: 13/17
 17024 | D:11     | Reached ***** piety under Makhleb
 17516 | D:11     | Reached skill level 13 in Fighting
 17661 | D:11     | Noticed an eight-headed hydra
 17678 | D:11     | Killed an eight-headed hydra
 17900 | D:11     | Killed Maurice
 18806 | Lair:2   | Reached skill level 14 in Fighting
 19002 | Lair:2   | Noticed Gastronok
 19064 | Lair:2   | Killed Gastronok
 20214 | Lair:4   | Noticed Nergalle
 20241 | Lair:4   | Killed Nergalle
 20258 | Lair:4   | Found a hole to the Spider Nest.
 20278 | Lair:4   | Reached ****** piety under Makhleb
 20361 | Lair:4   | Found a staircase to the Shoals.
 20380 | Lair:4   | Reached XP level 13. HP: 137/137 MP: 16/18
 21453 | Spider:1 | Entered Level 1 of the Spider Nest
 21814 | Lair:5   | Got a pair of jewelled gloves
 21820 | Lair:5   | Identified the +1 pair of gloves of the Lobster {rPois rCorr} (You found it on level 5 of the Lair of Beasts)
 21864 | Lair:5   | Reached skill level 10 in Dodging
 21897 | Lair:5   | Reached skill level 15 in Fighting
 22816 | Lair:6   | Found a staircase to the Slime Pits.
 23306 | Lair:6   | Reached skill level 10 in Armour
 23690 | Lair:6   | Gained mutation: Your flesh is cold resistant. [potion of beneficial mutation]
 23878 | Lair:7   | Reached XP level 14. HP: 72/148 MP: 3/19
 24412 | Lair:7   | Noticed Kirke
 24421 | Lair:7   | Noticed a sphinx
 24447 | Lair:7   | Paralysed by a sphinx for 5 turns
 24456 | Lair:7   | Killed Kirke
 25133 | Lair:7   | Reached skill level 1 in Stealth
 26390 | Lair:8   | Entered Level 8 of the Lair of Beasts
 26741 | Lair:8   | Found a frozen archway.
 26823 | Lair:8   | Reached skill level 15 in Maces & Flails
 27037 | Lair:7   | Reached skill level 16 in Fighting
 27464 | Lair:8   | Reached skill level 5 in Stealth
 27529 | Lair:8   | Learned a level 1 spell: Summon Small Mammal
 27828 | Lair:8   | Noticed Nessos
 27884 | Lair:8   | Killed Nessos
 28397 | Lair:8   | Reached XP level 15. HP: 159/159 MP: 20/20
 28716 | Slime:1  | Entered Level 1 of the Pits of Slime
 28716 | Slime:1  | Noticed an acid blob
 28717 | Slime:1  | Noticed an acid blob
 28732 | Slime:1  | Slain by an acid blob

Skill      XL: |  1  2  3  4  5  6  7  8  9 10 11 12 13 14 |
---------------+-------------------------------------------+-----
Maces & Flails | 3 4 5 6 8 9 10 11 12 13 14 15 | 15.5
Fighting       | 4 5 6 7 8 9 12 14 15 16 | 16.4
Armour         | 4 5 6 7 10 11 | 11.0
Shields        | 4 5 8 10 11 | 11.0
Spellcasting   | 2 3 4 |  4.6
Dodging        | 3 6 8 11 | 11.7
Stealth        | 6 |  6.2

Action                   |  1- 3 |  4- 6 |  7- 9 | 10-12 | 13-15 || total
-------------------------+-------+-------+-------+-------+-------++-------
Melee: Flail             |    95 |   140 |   313 |  1162 |  1161 ||  2871
       Headbutt          |    12 |    23 |   101 |   290 |   407 ||   833
       Morningstar       |       |       |   155 |       |   297 ||   452
Invok: Lesser Servant of |       |       |       |     2 |       ||     2
Evoke: Wand              |       |       |       |    10 |       ||    10
  Use: Scroll            |       |     4 |     5 |    19 |    14 ||    42
       Potion            |       |       |     5 |    13 |     5 ||    23
 Stab: Paralysed         |       |       |       |     6 |       ||     6
       Sleeping          |       |       |       |     5 |     6 ||    11
       Distracted        |       |       |       |     1 |     2 ||     3
  Eat: Chunk             |     1 |     7 |    17 |    35 |    25 ||    85
       Pizza             |       |       |       |     5 |     2 ||     7
Armor: Scale mail        |    41 |    54 |       |       |       ||    95
       Plate armour      |       |     8 |   228 |   354 |       ||   590
       Ring mail         |       |       |       |    96 |   627 ||   723
Dodge: Dodged            |    33 |    42 |    63 |   308 |  1010 ||  1456
Block: Shield            |    46 |    65 |   250 |   693 |  1044 ||  2098
